 Dungeon Crawl Stone Soup version 0.16-a0-3171-gce70061 (webtiles) character file.

43 PolkaDot the Sneak (level 3, 0/18 HPs)
             Began as a Spriggan Assassin on Dec 16, 2014.
             Succumbed to an adder's poison
             ... on level 2 of the Dungeon.
             The game lasted 00:04:01 (1475 turns).

PolkaDot the Sneak (Spriggan Assassin)              Turns: 1475, Time: 00:04:02

Health: 0/18       AC:  3    Str:  7    XL:     3   Next: 37%
Magic:  6/6        EV: 18    Int: 12    God:
Gold:   37         SH:  0    Dex: 18    Spells: 0 memorised, 2 levels left

rFire  x . .     SeeInvis +     a - +2 dagger
rCold  + . .     Clarity  .     c - +0 robe
rNeg   + . .     SustAb   .     (shield restricted)
rPois  .         Gourm    .     (helmet restricted)
rElec  .         Spirit   .     d - +0 cloak
rCorr  .         Warding  +     (gloves unavailable)
rMut   .         Stasis   .     (boots unavailable)
MR     .....                    m - amulet of warding
Stlth  ++++......               j - ring of flight
                                h - ring of ice

@: lethally poisoned, very quick, not resistant to hostile enchantments,
stealthy
A: unfitting armour, see invisible, herbivore 3, speed 3, slow metabolism 2
a: Evoke Flight


You were on level 2 of the Dungeon.
You were not hungry.

You visited 1 branch of the dungeon, and saw 2 of its levels.

You collected 37 gold pieces.

Inventory:

Hand weapons
 a - a +2 dagger (weapon)
 b - a +0 blowgun
Missiles
 e - 22 poisoned needles
 f - 2 curare-tipped needles
Armour
 c - a +0 robe (worn)
 d - a +0 cloak (worn)
Jewellery
 h - a ring of ice (left hand)
 j - a ring of flight (right hand)
 m - an amulet of warding (around neck)
Scrolls
 i - a scroll of enchant armour {unknown}
 k - a scroll of recharging {unknown}
 l - a scroll of fog {unknown}
 o - a scroll of identify {unknown}
Comestibles
 g - a bread ration


   Skills:
 - Level 1.5 Fighting
 * Level 3.1 Short Blades
 - Level 2.1 Throwing
 + Level 3.1 Dodging
 + Level 6.4 Stealth


You had 2 spell levels left.
You didn't know any spells.

Dungeon Overview and Level Annotations

Branches:
Dungeon (2/15)

Altars:


Innate Abilities, Weirdness & Mutations

You are tiny and cannot use many weapons and most armour.
You have supernaturally acute eyesight.
You are a herbivore.
You cover ground extremely quickly.
You need consume almost no food.


Message History

* * * LOW HITPOINT WARNING * * *
You are lethally poisoned!
The adder poisons you!
You completely miss the adder.
The adder is severely wounded.
* * * LOW HITPOINT WARNING * * *
You feel sick. The adder bites you.
* * * LOW HITPOINT WARNING * * *
You hit the adder but do no damage.
The adder is severely wounded.
The adder bites you.
* * * LOW HITPOINT WARNING * * *
* * * LOW HITPOINT WARNING * * *
You feel sick.
Drink which item? (? for menu, Esc to quit)
It was a potion of cure mutation.
It has a very clean taste.
The adder misses you.
* * * LOW HITPOINT WARNING * * *
You feel sick.
You die...

#.#.#######.#<#.#
#####.#....#......#<#
#.....#.##.#.#....#.#
#.########.#.#.####.#
#.# #.....#.##.....#
#.# #.#####....<####
#.# #.# ####(## #.#
#.# #.# #.####.# #@#
#......# #.# ########
#.##### #.S...#
#####.# ... ####


You could see an adder.

Vanquished Creatures
  A worm (D:2)
  An ooze (D:1)
  4 bats (D:1)
  4 goblins (D:1)
  10 jackals (D:1)
  4 kobolds
  A giant cockroach (D:1)
  2 giant newts (D:1)
  7 rats
34 creatures vanquished.

Notes
Turn   | Place    | Note
--------------------------------------------------------------
     0 | D:1      | PolkaDot, the Spriggan Assassin, began the quest for the Orb.
     0 | D:1      | Reached XP level 1. HP: 10/10 MP: 2/2
     2 | D:1      | Noticed a ghoul
     4 | D:1      | Noticed a spriggan
     4 | D:1      | Noticed a naga
     6 | D:1      | Noticed a draconian
     6 | D:1      | Noticed a centaur
     8 | D:1      | Noticed a gargoyle
    10 | D:1      | Noticed an elf
    10 | D:1      | Noticed a human
    12 | D:1      | Noticed a vampire
    14 | D:1      | Noticed a felid
    14 | D:1      | Noticed a dwarf
    16 | D:1      | Noticed a formicid
    18 | D:1      | Noticed an octopode
    18 | D:1      | Noticed a troll
    20 | D:1      | Noticed an ogre
    20 | D:1      | Noticed a merfolk
    22 | D:1      | Noticed a demigod
    22 | D:1      | Noticed a tengu
    24 | D:1      | Noticed a minotaur
    26 | D:1      | Noticed a demonspawn
    26 | D:1      | Noticed a vine stalker
    41 | D:1      | Reached skill level 6 in Stealth
   134 | D:1      | Reached XP level 2. HP: 14/14 MP: 4/4
   709 | D:1      | Reached XP level 3. HP: 12/18 MP: 6/6
  1475 | D:2      | Succumbed to an adder's poison

Action                   || total
-------------------------++-------
Melee: Dagger            ||   149
  Use: Potion            ||     1
 Stab: Sleeping          ||     9
       Distracted        ||     1
